 Dungeon Crawl Stone Soup version 0.29-a0-486-ga88943ba61 (webtiles) character file.

Game seed: 12836293498459327979

32 MeArio the Skirmisher (level 3, -3/33 HPs)
             Began as a Minotaur Fighter on May 26, 2022.
             Slain by an iguana (9 damage)
             ... on level 2 of the Dungeon.
             The game lasted 00:02:45 (1124 turns).

MeArio the Skirmisher (Minotaur Fighter)            Turns: 1124, Time: 00:02:45

Health: -3/33      AC:  9    Str: 22    XL:     3   Next: 10%
Magic:  2/2        EV:  9    Int:  5    God:
Gold:   80         SH:  4    Dex:  9    Spells: 2/2 levels left

rFire   . . .      SeeInvis .   a - +0 long sword
rCold   . . .      Faith    .   c - +0 buckler
rNeg    . . .      Spirit   .   b - +0 scale mail
rPois   .          Reflect  .   (helmet restricted)
rElec   .          Harm     .   k - +0 cloak
rCorr   .          Rampage  .   (no gloves)
Will    .....                   j - +0 pair of boots
Stlth   ..........              (no amulet)
HPRegen 0.11/turn               (no ring)
MPRegen 0.08/turn               (no ring)

@: no status effects
A: horns 2, retaliatory headbutt
a: no special abilities


You were on level 2 of the Dungeon.
You visited 1 branch of the dungeon, and saw 2 of its levels.

You collected 80 gold pieces.

Inventory:

Hand Weapons
 a - a +0 long sword (weapon)
Armour
 b - a +0 scale mail (worn)
 c - a +0 buckler (worn)
 j - a +0 pair of boots (worn)
 k - a +0 cloak (worn)
Scrolls
 e - a scroll of fear {unknown}
 g - a scroll of teleportation {unknown}
 h - a scroll of enchant weapon {unknown}
 i - a scroll of identify {unknown}
 m - a scroll of amnesia {unknown}
Potions
 d - 2 potions of might
 f - 2 potions of haste {unknown}
 l - a potion of curing {unknown}
 n - a potion of degeneration {unknown}


   Skills:
 + Level 4.1 Fighting
 + Level 3.0 Long Blades
 + Level 4.0 Armour
 + Level 4.1 Shields


You had 2 spell levels left.
You didn't know any spells.
Your spell library was empty.

Dungeon Overview and Level Annotations

Branches:
Dungeon (2/15)

Altars:


Innate Abilities, Weirdness & Mutations

You have a pair of horns on your head.
You reflexively headbutt those who attack you in melee.


Message History

You have reached level 3!
Your experience leads to an increase in your attributes!
Increase (S)trength, (I)ntelligence, or (D)exterity?
You feel stronger. x2
You hit the bat.
The bat is heavily wounded.
The bat hits you but does no damage.
You miss the quokka. You headbutt the quokka.
The quokka is severely wounded.
You block the quokka's attack.
The quokka bites you but does no damage.
You hit the quokka.
The quokka is almost dead.
The quokka bites you. The quokka closely misses you. You furiously retaliate!
You headbutt the quokka.
You kill the quokka!
The bat barely misses you. The endoplasm freezes you.
You are frozen.
You see here a quokka corpse.
You hit the bat. You headbutt the bat.
You kill the bat!
You barely miss the endoplasm.
You headbutt the endoplasm, but do no damage.
The endoplasm hits you but does no damage.
You completely miss the endoplasm.
The endoplasm hits you but does no damage.
The endoplasm freezes you.
You are frozen.
You hit the endoplasm.
The endoplasm is moderately wounded.
The endoplasm closely misses you.
You slash the endoplasm!
You kill the endoplasm!
You hit the iguana but do no damage. The iguana bites you!
You completely miss the iguana. Your headbutt misses the iguana.
The iguana bites you!
* * * LOW HITPOINT WARNING * * *
The iguana bites you!
You die...

#..........#
#####..........#
...............#
#...........#
#......>...##
##.<........#######
#.........(.......
#..........######
#.....†....l@.#
#.......##'##......#
#....####... ###...#
#..### #...# #..
#.## #...# .# ##.+
#...# .# ###..##
#..l# #.# ##.....###
#...# ###..#
..<###...# #+##...#


You could see an iguana.

Vanquished Creatures
  A dart slug (D:1)
  2 ball pythons (D:1)
  3 endoplasms
  A goblin (D:1)
  4 hobgoblins (D:1)
  3 kobolds
  4 quokkas
  6 bats
  A frilled lizard (D:1)
  2 rats (D:1)
27 creatures vanquished.

Notes
Turn   | Place    | Note
-------+----------+-------------------------------------------
     0 | D:1      | MeArio the Minotaur Fighter began the quest for the Orb.
     0 | D:1      | Reached XP level 1. HP: 19/19 MP: 0/0
    93 | D:1      | Reached XP level 2. HP: 26/27 MP: 1/1
   140 | D:1      | You fall into a shaft and drop 1 floor!
   793 | D:1      | Found a faded altar of an unknown god.
  1113 | D:2      | Reached XP level 3. HP: 30/33 MP: 2/2
  1124 | D:2      | Slain by an iguana

Illustrated notes

Levels and vault maps discovered:
D:1:      eino_arrival_tree_alley, layout_basic,
          shapermc_ecumenical_altar_acropolis, minmay_quantized
D:2:      minmay_skewed_foursquare, layout_rooms, chequers_serial_rivers_marsh,
          minmay_divided_ellipse

Skill      XL: |  1  2 |
---------------+-------+-----
Fighting       | 4 |  4.1
Shields        | 4 |  4.1
Armour         | 4 |  4.0
Long Blades    | 3 |  3.0

Action                   || total
-------------------------++-------
Melee: Long sword        ||    71
       Headbutt          ||     9
Armor: Scale mail        ||    38
Dodge: Dodged            ||    35
Block: Buckler           ||    14

Table legend: (Time is in decaauts)
 A = Elapsed time spent in this place.
 B = Non-inter-level travel time spent in this place.
 C = Inter-level travel time spent in this place.
 D = Time resting spent in this place.
 E = Time spent auto-exploring this place.
 F = Levels seen in this place.
 G = Mean time per level.
                   A        B        C        D        E       F      G
               +--------+--------+--------+--------+--------+-----+--------+
         Total |   1148 |   1131 |     17 |      0 |    881 |   2 |  574.0 |
       Dungeon |   1148 |   1131 |     17 |      0 |    881 |   2 |  574.0 |
               +--------+--------+--------+--------+--------+-----+--------+

Top non-repeatable levels by time:
     D:1: 1019 daAuts
     D:2: 128 daAuts
